 Dungeon Crawl Stone Soup version 0.30-a0-972-gf3ab3527aa (webtiles) character file.

Game seed: 3793281447355744229

2864 Newt the Skirmisher (level 10, 0/57 (59) HPs)
             Began as a Kobold Hunter on Mar 31, 2023.
             Was an Initiate of Hepliaklqana.
             Slain by a wight
             ... wielding a +3 mace of freezing
              (2 damage)
             ... on level 7 of the Dungeon.
             The game lasted 00:08:04 (7957 turns).

Newt the Skirmisher (Kobold Hunter)                 Turns: 7957, Time: 00:08:04

HP:   0/57 (59)     AC:  9    Str:  9    XL:     10   Next: 4%
MP:   27/27         EV: 17    Int: 17    God:    Hepliaklqana [......]
Gold: 410           SH:  9    Dex: 22    Spells: 17/19 levels left

rFire   . . .      SeeInvis .    q - +2 sling (drain)
rCold   . . .      Faith    .    p - +3 buckler
rNeg    . . .      Spirit   .    c - +0 leather armour
rPois   .          Reflect  .    t - +2 helmet
rElec   .          Rampage  .    r - +0 cloak
rCorr   .                        l - +0 pair of gloves
Will    .....                    n - +0 pair of boots
Stlth   +++                      x - amulet of regeneration
HPRegen 1.09/turn                i - ring of magical power
MPRegen 0.20/turn                u - +6 ring of intelligence

@: wereblooded, lightly drained
A: small, no large weapons, nightstalker 3
a: Renounce Religion


You were on level 7 of the Dungeon.
You worshipped Hepliaklqana.
Hepliaklqana was noncommittal.
You visited 2 branches of the dungeon, and saw 9 of its levels.

You collected 410 gold pieces.

Inventory:

Hand Weapons
 a - a +1 shortbow
 q - a +2 sling of draining (weapon)
Armour
 c - a +0 leather armour (worn)
 e - a +1 helmet
 l - a +0 pair of gloves (worn)
 n - a +0 pair of boots (worn)
 p - a +3 buckler (worn)
 r - a +0 cloak (worn)
 t - a +2 helmet (worn)
Jewellery
 i - a ring of magical power (left hand)
 u - a +6 ring of intelligence (right hand)
 x - an amulet of regeneration (around neck)
 y - a ring of protection from cold
Wands
 A - a wand of mindburst (7)
 B - a wand of charming (8)
Scrolls
 b - 2 scrolls of immolation
 f - 3 scrolls of enchant armour
 k - 3 scrolls of teleportation
 o - a scroll of poison
 s - 3 scrolls of fear
 v - 2 scrolls of blinking
 w - a scroll of magic mapping
Potions
 d - 3 potions of curing
 g - 2 potions of flight
 h - 3 potions of attraction
 j - a potion of haste
 m - 3 potions of heal wounds
 z - a potion of brilliance
 E - a potion of mutation


   Skills:
 - Level 5.0 Fighting
 - Level 10.0 Ranged Weapons
 - Level 6.0 Dodging
 - Level 1.3 Stealth
 - Level 4.0 Shields
 - Level 5.4 Spellcasting
 - Level 5.4 Transmutations
 + Level 2.0 Evocations


You had 17 spell levels left.
You knew the following spells:

 Your Spells              Type           Power      Damage    Failure   Level
a - Wereblood             Tmut           23%        N/A       4%          2

Your spell library contained the following spells:

 Spells                   Type           Power      Damage    Failure   Level
 Beastly Appendage        Tmut           46%        N/A       3%          1
 Spider Form              Tmut/Pois      13%        N/A       26%         3
 Scorch                   Fire           8%         2d5       38%         2
 Sublimation of Blood     Necr           4%         N/A       38%         2
 Gell's Gravitas          Tloc           4%         N/A       63%         3
 Teleport Other           Tloc           4%         N/A       63%         3
 Vhi's Electric Charge    Tloc/Air       8%         N/A       63%         3
 Flame Wave               Conj/Fire      4%         2d5       95%         4
 Arcjolt                  Conj/Air       2%         1d12      100%        5
 Dispersal                Tloc           2%         N/A       100%        6
 Summon Cactus Giant      Summ           2%         N/A       100%        6
 Summon Hydra             Summ           2%         N/A       100%        7
 Maxwell's Capacitive Co  Air            2%         ∞         100%        8


Dungeon Overview and Level Annotations

Branches:
Dungeon (8/15)             Temple (1/1) D:6
   Lair: D:8-11

Altars:
Ashenzari
Dithmenos
Elyvilon
Fedhas
Gozag
Hepliaklqana
Kikubaaqudgha
Makhleb
Qazlal
Ru
Vehumet
Wu Jian
Yredelemnul
Zin
The Shining One

Shops:
D:8 [

Annotations:
D:2 1 exclusion


Innate Abilities, Weirdness & Mutations

You are small and have problems with some larger weapons.
You are completely attuned to the shadows.


Message History

You shoot a sling bullet. The sling bullet hits the wight.
You feel a bit better.
You destroy the wight!
The wight hits you but does no damage.
Your Evocations skill increases to level 1!
Unknown command.
You shoot a sling bullet. The sling bullet hits the wight!
The wight is almost destroyed.
You block the wight's attack.
The wight hits you with a +3 short sword of freezing.
* * * LOW HITPOINT WARNING * * *
The wight freezes you.
* * * LOW HITPOINT WARNING * * *
You shoot a sling bullet. The sling bullet hits the wight.
You feel a bit better.
You destroy the wight!
You howl as the wereblood boils in your veins!
The wight closely misses you.
Your life force feels restored.
Your Evocations skill increases to level 2!
You shoot a sling bullet. The sling bullet hits the wight.
The wight is heavily damaged.
The wight hits you but does no damage.
Unknown command.
You shoot a sling bullet.
The sling bullet barely misses the wight.
The wight hits you with a +3 mace of freezing.
* * * LOW HITPOINT WARNING * * *
The wight freezes you.
* * * LOW HITPOINT WARNING * * *
Unknown command.
You shoot a sling bullet.
The sling bullet hits the wight but does no damage.
The wight is heavily damaged.
The wight hits you with a +3 mace of freezing!
* * * LOW HITPOINT WARNING * * *
You feel drained.
* * * LOW HITPOINT WARNING * * *
The wight freezes you.
You die...

♣♣...♣♣ ♣♣♣.♣
♣♣♣♣♣ ♣♣.♣♣♣
♣♣♣).).♣♣
♣...♣♣..♣
♣♣♣♣.♣♣♣♣.♣♣
♣♣♣♣...♣♣ ♣♣.♣
♣♣♣...♣♣♣♣ ♣♣.
♣♣z.♣♣♣♣ ♣..
♣@)♣♣ ♣♣. ♣♣♣♣
♣♣ ♣
##############
#...........#.
##.........#.#.
#.?........#.#.
#.>............
##.........†#.#.


You could see a wight.

Vanquished Creatures
  Joseph (D:7)
  A yak (D:7)
  A water moccasin (D:7)
  An ice beast (D:7)
  A sky beast (D:7)
  A black bear (D:5)
  A kobold brigand (D:7)
  3 bullfrogs (D:7)
  A necrophage (D:6)
  A water moccasin zombie (D:6)
  10 wights
  An electric eel (D:6)
  A bullfrog zombie (D:6)
  2 hounds
  A centaur zombie (D:6)
  A human zombie (D:6)
  A jelly (D:4)
  An orc priest (D:4)
  2 gnoll boudas
  2 sleepcaps
  7 iguanas (D:5)
  Natasha (D:3)
  An orc wizard (D:6)
  2 killer bee zombies (D:6)
  A mummy (D:6)
  Robin (D:3)
  20 gnolls
  10 adders
  2 white imps
  2 ufetubi
  4 worms
  5 dart slugs
  21 orcs
  10 ball pythons
  10 bats
  5 endoplasms
  4 giant cockroaches
  22 goblins
  6 hobgoblins
  3 jackals (D:3)
  2 quokkas (D:3)
  A frilled lizard (D:1)
  5 kobolds
  7 rats
186 creatures vanquished.

Vanquished Creatures (others)
  A plant (D:1)
1 creature vanquished.

Grand Total: 187 creatures vanquished

Notes
Turn   | Place    | Note
-------+----------+-------------------------------------------
     0 | D:1      | Newt the Kobold Hunter began the quest for the Orb.
     0 | D:1      | Reached XP level 1. HP: 12/12 MP: 1/1
    65 | D:1      | You fall into a shaft and drop 1 floor!
    90 | D:2      | Reached XP level 2. HP: 12/19 MP: 2/2
    96 | D:2      | Reached XP level 3. HP: 9/24 MP: 3/3
   533 | D:1      | Reached XP level 4. HP: 30/30 MP: 4/4
  1405 | D:1      | Reached skill level 5 in Fighting
  1853 | D:2      | Reached XP level 5. HP: 35/35 MP: 5/5
  2005 | D:2      | Reached skill level 6 in Ranged Weapons
  2781 | D:3      | Found a sacrificial altar of Ru.
  2936 | D:3      | Reached skill level 7 in Ranged Weapons
  2990 | D:3      | Noticed Natasha
  2997 | D:3      | Killed Natasha
  2998 | D:3      | Reached XP level 6. HP: 31/40 MP: 6/6
  3225 | D:3      | Noticed Robin
  3239 | D:3      | Killed Robin
  4034 | D:4      | Reached skill level 8 in Ranged Weapons
  4991 | D:5      | Entered Level 5 of the Dungeon
  5012 | D:5      | Reached XP level 7. HP: 44/44 MP: 7/7
  5180 | D:5      | Reached skill level 9 in Ranged Weapons
  5374 | D:5      | Learned a level 2 spell: Wereblood
  5464 | D:5      | Reached skill level 10 in Ranged Weapons
  5867 | D:6      | Reached XP level 8. HP: 49/49 MP: 8/8
  5902 | D:6      | Found a staircase to the Ecumenical Temple.
  5908 | Temple   | Entered the Ecumenical Temple
  5945 | Temple   | Became a worshipper of Hepliaklqana the Forgotten
  5977 | D:6      | Identified the +4 quarterstaff "Plog" {pain, rF+ Int+5}
  5979 | D:6      | Found a broken altar of Ashenzari.
  6053 | D:6      | Reached skill level 5 in Dodging
  6063 | D:6      | Found a blossoming altar of Fedhas.
  6063 | D:6      | Found a glowing golden altar of the Shining One.
  6631 | D:6      | Reached skill level 1 in Shields
  6758 | D:6      | Found a basalt altar of Yredelemnul.
  6813 | D:6      | Reached XP level 9. HP: 54/54 MP: 10/10
  6820 | D:6      | Reached skill level 1 in Spellcasting
  6820 | D:6      | Reached skill level 1 in Transmutations
  7915 | D:8      | Noticed Joseph
  7915 | D:8      | Found Setaim's Armour Boutique.
  7933 | D:7      | Killed Joseph
  7934 | D:7      | Reached skill level 5 in Spellcasting
  7934 | D:7      | Reached skill level 5 in Transmutations
  7934 | D:7      | Reached XP level 10. HP: 53/59 MP: 18/18
  7953 | D:7      | Reached skill level 1 in Evocations
  7957 | D:7      | HP: 2/57 [wight/+3 mace of freezing (4)]
  7957 | D:7      | Slain by a wight

Illustrated notes

Levels and vault maps discovered:
D:1:      minmay_arrival_wavy_path, layout_basic, serial_forest,
          infiniplex_forest_clump_small, infiniplex_forest_straight_1,
          infiniplex_forest_lined_room_2, infiniplex_forest_side_room,
          infiniplex_forest_lined_corner, infiniplex_forest_end_2,
          infiniplex_forest_end_2, infiniplex_forest_lined_corner
D:2:      layout_loops_corners, minmay_3d_cube
D:3:      kennysheep_goblin_castle, layout_rooms,
          mainiacjoe_overflow_small_starburst, minmay_pentomino_pile,
          uniq_natasha
D:4:      layout_basic, minmay_misc_feat_nine_boxes
D:5:      layout_rooms, grunt_ministairs_5
D:6:      layout_basic, nicolae_ashenzari_skybound, nicolae_overflow_squiral,
          lemuel_mausoleum_altar_yredelemnul, minmay_temple_entry_arrows
D:7:      kb_forest_paths, layout_rooms, trog_ov_bears_minmay
D:8:      layout_rooms, mainiacjoe_overflow_catwalk, david_lair_generic,
          serial_shops, shop, shop_statue, special_room [special_room_orc],
          ebering_ghost_funeral_grove, uniq_joseph, uniq_maurice,
          uniq_prince_ribbit1, uniq_psyche
Temple:   hellmonk_temple_of_storms

Skill      XL: |  1  2  3  4  5  6  7  8  9 10 |
---------------+-------------------------------+-----
Fighting       | 3 4 5 |  5.0
Ranged Weapons | 7 8 10 | 10.0
Dodging        | 4 6 |  6.0
Shields        | 4 |  4.0
Spellcasting   | 5 |  5.4
Transmutations | 5 |  5.4
Evocations     | 2 |  2.0
Stealth        | |  1.3

Action                     |  1- 3 |  4- 6 |  7- 9 | 10-12 || total
---------------------------+-------+-------+-------+-------++-------
   Fire: Shortbow          |    41 |   257 |    80 |       ||   378
         Sling             |       |       |   316 |    15 ||   331
   Cast: Wereblood         |       |       |     2 |     1 ||     3
  Evoke: Wand              |       |       |     1 |       ||     1
    Use: Scroll            |       |    11 |     7 |       ||    18
         Potion            |       |       |     1 |       ||     1
 Armour: Leather armour    |     1 |    63 |    53 |     3 ||   120
  Dodge: Dodged            |    14 |   132 |   170 |     7 ||   323
  Block: Buckler           |       |       |    84 |     3 ||    87

Table legend: (Time is in decaauts)
 A = Elapsed time spent in this place.
 B = Non-inter-level travel time spent in this place.
 C = Inter-level travel time spent in this place.
 D = Time resting spent in this place.
 E = Time spent auto-exploring this place.
 F = Levels seen in this place.
 G = Mean time per level.
                   A        B        C        D        E       F      G
               +--------+--------+--------+--------+--------+-----+--------+
         Total |   8030 |   7560 |    470 |    816 |   5583 |   9 |  892.2 |
       Dungeon |   7983 |   7536 |    447 |    816 |   5568 |   8 |  997.9 |
        Temple |     46 |     24 |     22 |      0 |     15 |   1 |   46.0 |
               +--------+--------+--------+--------+--------+-----+--------+

Top non-repeatable levels by time:
     D:2: 1571 daAuts
     D:4: 1224 daAuts
     D:6: 1174 daAuts
     D:3: 1154 daAuts
     D:1: 1113 daAuts
     D:5: 868 daAuts
     D:7: 866 daAuts
  Temple: 46 daAuts
     D:8: 10 daAuts
